 Dungeon Crawl Stone Soup version 0.28-b1-25-g9875b3fc8c (webtiles) character file.

Game seed: 1131932968385555838

67 zeram the Sneak (level 4, 0/27 HPs)
             Began as an Octopode Enchanter on Feb 2, 2022.
             Slain by a hobgoblin (3 damage)
             ... on level 2 of the Dungeon.
             The game lasted 00:01:24 (1826 turns).

zeram the Sneak (Octopode Enchanter)                Turns: 1826, Time: 00:01:24

Health: 0/27       AC:  1    Str:  7    XL:     4   Next: 16%
Magic:  7/7        EV: 13    Int: 19    God:
Gold:   96         SH:  0    Dex: 12    Spells: 5/7 levels left

rFire   . . .      SeeInvis .   a - +1 dagger
rCold   . . .      Faith    .   (no shield)
rNeg    . . .      Spirit   .   (helmet restricted)
rPois   .          Reflect  .   (no amulet)
rElec   .          Harm     .   (no ring)
rCorr   .          Rampage  .   (no ring)
Will    .....                   (no ring)
Stlth   ++++......              (no ring)
HPRegen 0.09/turn               (no ring)
MPRegen 0.10/turn               (no ring)
                                (no ring)
                                (no ring)

@: no status effects
A: almost no armour, amphibious, 8 rings, camouflage 1, gelatinous body 1,
(nimble swimmer 1), tentacles
a: no special abilities


You were on level 2 of the Dungeon.
You visited 1 branch of the dungeon, and saw 2 of its levels.

You collected 96 gold pieces.

Inventory:

Hand Weapons
 a - a +1 dagger (weapon)
Scrolls
 d - a scroll of teleportation {unknown}
Potions
 b - a potion of invisibility
 c - a potion of mutation
 f - a potion of flight {unknown}


   Skills:
 + Level 1.3 Short Blades
 + Level 2.5 Dodging
 + Level 5.4 Stealth
 - Level 2.0 Spellcasting
 + Level 3.5 Hexes


You had 5 spell levels left.
You knew the following spells:

 Your Spells              Type           Power      Damage    Failure   Level
a - Ensorcelled Hibernat  Hex/Ice        16%        N/A       12%         2

Your spell library contained the following spells:

 Spells                   Type           Power      Damage    Failure   Level
 Confusing Touch          Hex            15%        N/A       12%         3
 Tukima's Dance           Hex            15%        N/A       12%         3
 Dazzling Flash           Conj/Hex       16%        N/A       24%         3


Dungeon Overview and Level Annotations

Branches:
Dungeon (2/15)

Altars:
Ru


Innate Abilities, Weirdness & Mutations

You cannot wear most types of armour.
You are amphibious.
You can wear up to eight rings at the same time.
Your skin changes colour to match your surroundings (Stealth+).
Your rubbery body absorbs attacks. (AC +1, EV +1)
((You are camouflaged when in or above water. (Stealth+)))
You have tentacles for arms and can constrict up to eight enemies at once.


Message History

The bat closely misses you. The bat closely misses you.
Things that are here:
a +0 club; a hobgoblin corpse You hit the endoplasm but do no damage.
The endoplasm misses you. The bat barely misses you.
You miss the bat. Your grab misses the bat. The bat closely misses you.
The endoplasm hits you.
You barely miss the endoplasm. The endoplasm freezes you.
You are frozen.
You barely miss the bat. You grab the bat. You constrict the bat.
The bat hits you.
The bat escapes!
The endoplasm freezes you.
You are frozen.
You are too injured to fight recklessly!
You are too injured to fight recklessly!
You are too injured to fight recklessly!
You hit the endoplasm but do no damage. The endoplasm freezes you.
You are frozen.
The bat barely misses you.
You hit the endoplasm.
The endoplasm is lightly wounded.
The bat barely misses you. The endoplasm misses you.
You hit the endoplasm. You squeeze the endoplasm.
The endoplasm is almost dead.
The bat barely misses you.
A hobgoblin comes into view.
You hit the endoplasm but do no damage.
The endoplasm is almost dead.
The bat hits you.
* * * LOW HITPOINT WARNING * * *
The endoplasm freezes you.
You are frozen.
* * * LOW HITPOINT WARNING * * *
You hit the endoplasm.
You kill the endoplasm!
The bat closely misses you. The hobgoblin hits you.
You die...

.. ##..#.###.. .#
##.#.# #.# .. #...#
#.# #. ##..# #.#
#.##########..# #.#
.### #..#.........>#
#.#
.....#.b#.##########
#.# #...g)#.#
#####@#.#
.######..#.#
......)....#
############


You could see a hobgoblin and a bat.

Vanquished Creatures
  Jessica (D:2)
  An adder (D:2)
  A ball python (D:1)
  4 endoplasms
  2 giant cockroaches (D:2)
  5 hobgoblins
  3 jackals (D:2)
  2 quokkas (D:1)
  4 goblins
  2 kobolds
  3 rats (D:1)
28 creatures vanquished.

Notes
Turn   | Place    | Note
-------+----------+-------------------------------------------
     0 | D:1      | zeram the Octopode Enchanter began the quest for the Orb.
     0 | D:1      | Reached XP level 1. HP: 11/11 MP: 3/3
   318 | D:1      | Found a faded altar of an unknown god.
   474 | D:1      | Reached XP level 2. HP: 17/17 MP: 5/5
  1000 | D:2      | Found a sacrificial altar of Ru.
  1292 | D:2      | Learned a level 2 spell: Ensorcelled Hibernation
  1576 | D:2      | Noticed Jessica
  1583 | D:2      | Killed Jessica
  1584 | D:2      | Reached skill level 5 in Stealth
  1584 | D:2      | Reached XP level 3. HP: 21/21 MP: 6/6
  1610 | D:2      | Reached XP level 4. HP: 16/27 MP: 7/7
  1826 | D:2      | Slain by a hobgoblin

Illustrated notes

Levels and vault maps discovered:
D:1:      evilmike_arrival_hilbert_curve, layout_loops_cross,
          chequers_ecumenical_altar_simple_redux
D:2:      minmay_evil_eye, layout_basic, serial_shops, nicolae_shop_stone,
          basic_altar, minmay_misc_feat_five, uniq_jessica

Skill      XL: |  1  2 |
---------------+-------+-----
Stealth        | 5 |  5.4
Short Blades   | |  1.3
Dodging        | |  2.5
Spellcasting   | |  2.0
Hexes          | |  3.5

Action                   |  1- 3 |  4- 6 || total
-------------------------+-------+-------++-------
Melee: Dagger            |    45 |    21 ||    66
       Constrict         |    10 |     4 ||    14
       Tentacles         |     5 |     3 ||     8
  Use: Scroll            |     2 |       ||     2
 Stab: Sleeping          |    11 |     1 ||    12
Armor: Skin              |     2 |     4 ||     6
Dodge: Dodged            |    25 |    21 ||    46
